Map: [ESL] Oceanborn

Players

Elazer

  • Race: Zerg Zerg
  • Spawn Location: 5:00

Wayne - Winner!

  • Race: Zerg Zerg
  • Spawn Location: 11:00

Event: ESL SC2 Masters 2024 Spring (Regional)

VOD

Have the link to the VOD?

Description

Time

  • Played on: May 2, 2024, 12:18 p.m.
  • Length: 9:52

All games in this series

Show
View Real Time Build Order
Export as new Build Order

Elazer Zerg 

Build Orders: Hatch First 

Get SALT Encoding   

  12  0:00  Drone  
  13  0:11  Overlord  
  13  0:16  Drone  
  14  0:30  Drone x2  
  16  0:47  Hatchery  
  15  0:50  Drone  
  15  0:53  Drone  
  17  0:57  Drone  
  18  1:07  Extractor  
  17  1:12  Spawning Pool  
  17  1:15  Drone  
  17  1:18  Drone  
  18  1:27  Drone  
  19  1:38  Drone  
  20  1:49  Drone  
  21  1:59  Zergling x2, Queen x2  
  21  2:00  Overlord  
  26  2:08  Metabolic Boost  
  26  2:10  Drone  
  26  2:11  Drone  
  28  2:21  Zergling x2  
  29  2:23  Drone  
  30  2:32  Hatchery  
  29  2:37  Drone x2  
  29  2:43  Drone x2  
  33  2:48  Baneling Nest  
  32  2:55  Overlord  
  32  2:56  Drone  
  33  3:04  Drone  
  34  3:05  Drone  
  34  3:06  Overlord  
  34  3:07  Drone  
  36  3:13  Zergling x6  
  36  3:15  Zergling x2  
  40  3:22  Drone x2  
  42  3:31  Drone x2  
  42  3:33  Extractor  
  43  3:34  Roach Warren  
  43  3:38  Drone x4  
  46  3:47  Drone x4  
  49  3:52  Overlord  
  49  4:04  Overlord  
  49  4:06  Overlord  
  49  4:14  Roach x6  
  61  4:21  Roach x2  
  61  4:23  Roach  
  67  4:25  Roach  
  67  4:26  Roach  
  71  4:31  Roach  
  71  4:32  Overlord  
  71  4:37  Roach  
  75  4:40  Roach  
  75  4:41  Zergling x8  
  75  4:42  Zergling x2  
  82  4:49  Baneling x4  
  82  4:51  Zergling x8  
  82  4:52  Zergling x2  
  87  4:55  Zergling x2  
  87  4:56  Baneling  
  87  4:57  Baneling  
  88  5:01  Baneling  
  88  5:04  Zergling x4  
  89  5:07  Overlord  
  89  5:13  Drone  
  89  5:15  Overlord  
  84  5:23  Drone x2  
  84  5:24  Drone x5  
  84  5:26  Drone  
  84  5:28  Queen  
  84  5:29  Drone  
  84  5:33  Drone  
  86  5:37  Lair  
  86  5:38  Overlord  
  86  5:45  Drone x2  
  88  5:50  Drone x2  
  88  5:55  Overlord  
  88  5:56  Extractor  
  89  5:57  Spine Crawler  
  89  5:58  Roach x3  
  89  5:59  Roach x4  
  89  6:03  Roach  
  104  6:05  Spine Crawler  
  104  6:09  Roach  
  104  6:10  Roach  
  107  6:15  Overlord  
  109  6:21  Extractor, Drone x2  
  109  6:24  Extractor x2  
  109  6:25  Drone  
  109  6:27  Drone x3  
  109  6:30  Drone x3  
  109  6:32  Drone x2  
  117  6:37  Overlord  
  117  6:38  Spire  
  117  6:39  Drone x3  
  119  6:41  Evolution Chamber  
  119  6:45  Overlord  
  117  6:50  Overlord  
  117  6:54  Drone x2  
  117  6:58  Overlord  
  117  6:59  Hatchery  
  117  7:00  Glial Reconstitution  
  118  7:03  Drone x3  
  118  7:04  Roach  
  118  7:05  Roach x2  
  127  7:10  Zerg Missile Weapons Level 1  
  127  7:11  Roach x4  
  135  7:17  Overlord x2  
  135  7:25  Overlord  
  135  7:26  Roach x2  
  139  7:37  Overlord  
  137  7:50  Mutalisk x6  
  147  7:54  Roach x5  
  155  7:58  Roach  
  155  8:02  Roach x4  
  163  8:06  Roach x2  
  167  8:14  Roach  
  167  8:15  Roach  
  167  8:18  Roach x2  
  167  8:22  Overlord  
  167  8:26  Queen  
  169  8:30  Overlord  
  169  8:31  Drone x5  
  169  8:33  Roach x7  
  188  8:42  Overlord  
  190  8:48  Roach x3  
  194  8:59  Overlord x2  
  200  9:02  Roach  
  200  9:03  Roach x2  
  190  9:18  Roach x7  
  190  9:22  Spine Crawler  
  190  9:23  Ravager x2  
  199  9:31  Roach x6  
Show
View Real Time Build Order
Export as new Build Order

Wayne Zerg - Winner!

Build Orders: Hatch First 

Get SALT Encoding   

  12  0:00  Drone  
  13  0:12  Overlord  
  13  0:16  Drone  
  14  0:30  Drone x2  
  16  0:47  Hatchery  
  15  0:50  Drone  
  15  0:54  Drone  
  17  0:57  Drone  
  18  1:08  Extractor  
  17  1:12  Spawning Pool  
  17  1:15  Drone  
  17  1:19  Drone  
  18  1:27  Drone  
  19  1:38  Drone  
  20  1:49  Drone  
  21  1:59  Queen x2  
  21  2:00  Zergling x2  
  21  2:01  Overlord  
  26  2:08  Metabolic Boost  
  26  2:10  Drone  
  26  2:11  Drone  
  28  2:21  Zergling x2  
  28  2:22  Drone  
  30  2:32  Hatchery  
  30  2:34  Zergling x2  
  30  2:38  Drone  
  30  2:43  Drone  
  32  2:47  Baneling Nest  
  32  2:49  Drone  
  32  2:55  Overlord  
  32  2:56  Drone  
  33  3:04  Drone  
  34  3:07  Drone x2  
  36  3:14  Drone  
  36  3:15  Zergling x6  
  36  3:16  Overlord  
  40  3:21  Queen  
  40  3:26  Drone x2  
  44  3:35  Roach Warren, Baneling  
  44  3:37  Drone x2  
  44  3:40  Extractor  
  44  3:42  Drone  
  44  3:45  Drone  
  44  3:48  Drone x3  
  48  3:52  Drone x2  
  50  3:56  Overlord  
  49  4:03  Overlord  
  49  4:04  Drone x2  
  49  4:06  Drone  
  52  4:10  Evolution Chamber  
  52  4:14  Drone  
  52  4:22  Roach x5  
  62  4:28  Roach x2  
  62  4:30  Overlord  
  66  4:34  Roach x2  
  69  4:40  Overlord, Zerg Missile Weapons Level 1  
  69  4:41  Roach  
  69  4:45  Roach  
  73  4:46  Overlord  
  73  4:51  Roach x2  
  77  4:55  Spine Crawler  
  77  4:56  Roach  
  78  5:00  Baneling  
  78  5:01  Zergling x6  
  81  5:09  Roach x2  
  81  5:14  Roach, Zergling x8  
  88  5:23  Roach x2, Zergling x8  
  88  5:27  Roach  
  89  5:30  Overlord  
  89  5:32  Drone  
  89  5:33  Drone x2  
  89  5:35  Extractor  
  91  5:36  Drone  
  92  5:48  Overlord x2  
  92  5:50  Drone  
  92  5:51  Lair  
  93  5:58  Drone x3  
  93  6:02  Drone x3  
  93  6:03  Extractor  
  98  6:09  Drone x5  
  98  6:10  Drone  
  104  6:14  Drone x3  
  107  6:18  Overlord  
  107  6:20  Drone  
  107  6:21  Extractor  
  107  6:25  Drone  
  107  6:31  Hatchery  
  107  6:34  Drone x3  
  107  6:35  Drone x2  
  112  6:40  Roach x5  
  112  6:44  Overlord  
  122  6:48  Zerg Missile Weapons Level 2  
  122  6:49  Glial Reconstitution  
  122  6:51  Overlord  
  122  6:52  Overseer  
  122  6:55  Roach x3  
  122  7:00  Overlord x2  
  128  7:03  Overlord  
  128  7:06  Overlord  
  127  7:11  Roach x4  
  135  7:16  Overlord  
  135  7:17  Roach  
  135  7:18  Roach x2  
  135  7:20  Roach  
  143  7:24  Roach  
  143  7:27  Roach  
  147  7:30  Overlord x2  
  147  7:33  Roach  
  147  7:34  Roach  
  147  7:36  Drone  
  147  7:37  Hydralisk Den, Extractor, Drone x3  
  154  7:38  Drone  
  154  7:48  Drone  
  154  7:49  Spore Crawler  
  153  7:52  Roach  
  153  7:53  Roach x2  
  158  8:06  Grooved Spines  
  158  8:07  Hydralisk x9  
  176  8:21  Roach x8  
  186  8:27  Hydralisk  
  186  8:33  Spore Crawler  
  183  8:35  Roach  
  183  8:36  Roach x2, Spore Crawler  
  183  8:39  Spore Crawler  
  185  8:42  Roach  
  185  8:43  Roach x2  
  185  8:47  Overlord  
  191  8:53  Overlord x2  
  189  8:57  Overlord x2  
  189  9:02  Overlord  
  187  9:03  Overlord  
  187  9:07  Roach x2  
  187  9:08  Overlord  
  189  9:11  Roach x4  
  192  9:18  Roach x3  
Tags
 
Add a new tag
Caveats
  • Supply blocks, unpowered buildings, or Contaminate may cause inaccurate times.
  • Supply counts are checked every 10 seconds.